Stars vs Panthers

Created - September 28, 2016 at 18:12

Simulating a Pre-Season

Goals
1 2 3 T
Stars 1 3 0 4
Panthers 0 0 1 1
Shots
1 2 3 T
Stars 12 12 18 42
Panthers 9 10 11 30

1st period

1. Stars , Ryan Callahan 2 (David Backes) at 11:25

Penalties :
Tomas Hertl (FLA) for Diving (Minor) at 0:07, Ryan Callahan (DAL) for High sticking (Minor) at 2:26, John Mitchell (DAL) for Interference (Minor) at 8:37, Jacob Trouba (FLA) for Holding (Minor) at 11:23, John Mitchell (DAL) for Holding Stick (Minor) at 11:23, David Backes (DAL) for Cross-checking (Minor) at 13:44

2nd period

2. Stars , Evgeni Malkin 1 (Sidney Crosby, Adam Pardy) at 4:26
3. Stars , David Backes 1 (Jonathan Huberdeau, Clayton Stoner) at 12:35
4. Stars , Kris Letang 1 (Sidney Crosby, Zdeno Chara) at 14:16 (PP)

Penalties :
Gabriel Landeskog (FLA) for Hooking (Minor) at 8:48, Jacob Trouba (FLA) for Tripping (Minor) at 12:54, Jacob Trouba (FLA) for High sticking (Minor) at 19:50

3rd period

5. Panthers , Jori Lehtera 1 (Nikolaj Ehlers) at 11:44

Penalties :
Justin Braun (FLA) for Hooking (Minor) at 2:21, Mark Stuart (DAL) for Roughing (Minor) at 6:29

Goalie Stats

Jonathan Quick (DAL), 29 saves from 30 shots - (0.967), W, 2-0-0, 60:00 minutes
Semyon Varlamov (FLA), 38 saves from 42 shots - (0.905), L, 0-1-0, 60:00 minutes

Players Stats for Stars

Player Name              G  A  P  +/- PIM S  H  SB GA TA FO     MP     PP MP  PK MP  
------------------------------------------------------------------------------------
Adam Pardy               0  1  1   1  0   0  0  0  0  0  0/0     5:24   0:00   1:13 
Brandon Manning          0  0  0   1  0   0  0  0  0  0  0/0     4:11   0:00   0:00 
Clayton Stoner           0  1  1   1  0   1  2  2  0  0  0/0    17:50   0:00   3:39 
Cody McLeod              0  0  0   0  0   0  2  0  0  0  2/4     2:17   0:00   0:00 
David Backes             1  1  2   2  2   6  4  0  0  0  22/43  23:37   5:15   2:52 
Duncan Keith             0  0  0  -1  0   3  0  1  0  0  0/0    11:33   4:33   0:00 
Evgeni Malkin            1  0  1   1  0   11 1  0  0  0  18/36  24:41   4:53   4:24 
John Mitchell            0  0  0   1  4   4  4  0  0  0  5/9    18:38   4:03   0:00 
Jonathan Huberdeau       0  1  1   1  0   1  0  0  0  0  1/1    15:43   0:22   1:02 
Kris Letang              1  0  1   0  0   2  2  0  0  0  0/0    21:44   4:45   0:00 
Mark Stuart              0  0  0   0  2   0  0  2  0  0  0/0    11:03   0:00   2:52 
Nikita Kucherov          0  0  0   1  0   0  1  0  0  0  0/1    24:12   5:15   3:51 
Olli Maatta              0  0  0   2  0   2  0  0  0  0  0/0    23:00   4:33   3:51 
Patrik Elias             0  0  0  -1  0   0  0  0  0  0  6/12   10:14   0:00   0:40 
Paul Byron               0  0  0  -1  0   0  0  0  0  0  0/0     9:34   0:00   0:00 
Ryan Callahan            1  0  1   0  2   5  2  0  0  0  0/0    20:08   4:03   3:03 
Sidney Crosby            0  2  2   1  0   6  0  0  0  0  1/1    20:57   4:03   0:00 
Zdeno Chara              0  1  1   0  0   1  1  0  0  0  0/0    25:14   4:45   4:17 

Players Stats for Panthers

Player Name              G  A  P  +/- PIM S  H  SB GA TA FO     MP     PP MP  PK MP  
------------------------------------------------------------------------------------
Alexey Marchenko         0  0  0   0  0   0  0  0  0  0  0/0     8:53   0:00   0:10 
Danny DeKeyser           0  0  0   0  0   2  0  1  0  0  0/0    16:08   3:46   2:32 
Gabriel Landeskog        0  0  0  -1  2   3  3  0  0  0  3/3    24:21   4:47   3:23 
Jacob Trouba             0  0  0  -1  6   1  6  3  0  0  0/0    24:04   4:10   3:03 
Jay Bouwmeester          0  0  0  -1  0   0  0  3  0  0  0/0    22:45   0:00   4:56 
Joakim Nordstrom         0  0  0   0  0   1  1  0  0  0  3/7     7:55   0:00   5:02 
Joe Thornton             0  0  0  -2  0   1  0  2  0  0  14/27  17:24   3:09   0:00 
Jori Lehtera             1  0  1   1  0   3  0  0  0  0  8/19   13:41   0:00   4:53 
Justin Braun             0  0  0  -1  2   0  3  1  0  0  0/0    23:20   3:46   3:33 
Nikolaj Ehlers           0  1  1   1  0   0  2  0  0  0  0/0     8:48   0:00   0:00 
Ondrej Palat             0  0  0  -1  0   3  2  0  0  0  0/1    16:03   3:09   0:00 
Patrick Kane             0  0  0  -1  0   5  0  0  0  0  1/3    21:37   4:47   0:00 
Pavel Datsyuk            0  0  0  -1  0   6  0  1  0  0  17/34  21:42   4:47   0:05 
Pierre-Edouard Bellemare 0  0  0   0  0   0  0  0  0  0  4/9     8:06   0:00   5:13 
Riley Nash               0  0  0   0  0   1  0  1  0  0  0/0     2:53   0:00   0:00 
T.J. Brodie              0  0  0  -1  0   1  0  0  0  0  0/0    24:46   4:10   4:22 
Tomas Hertl              0  0  0   0  2   2  0  0  0  0  0/1    10:08   0:00   0:00 
Vladimir Tarasenko       0  0  0  -1  0   1  1  0  0  0  2/3    16:03   3:09   0:00 

3 Stars

1 - David Backes (DAL)
2 - Jonathan Quick (DAL)
3 - Evgeni Malkin (DAL)

Power Play

Stars - 1 on 5 Attempt(s) - 20.00%
Panthers - 0 on 4 Attempt(s) - 0.00%

Penalty Kill

Stars - 4 on 4 Attempt(s) - 100.00% - Score 0 goal in Penalty Kill
Panthers - 4 on 5 Attempt(s) - 80.00% - Score 0 goal in Penalty Kill

Team Stat

Stars - Hits : 19 - Faceoff Wins : 55 - Blocked Shots : 5 - Penalty Minutes : 10
Panthers - Hits : 18 - Faceoff Wins : 52 - Blocked Shots : 12 - Penalty Minutes : 12

Official

Referees : Kendrick Nicholson and Dennis LaRue
Linesman : Jay Sharrers and Tony Sericolo

Game Notes

Riley Nash is injured at 12:06 of 3rd period (Bruised Left Shoulder)

% Time on Ice - Stars

Lines # - Real PCT - Wanted PCT - Time Play
Normal Forward
1 - 36% - 38% - 14:37
2 - 35% - 35% - 14:19
3 - 23% - 15% - 9:34
4 - 6% - 12% - 2:17
Normal Defense
1 - 40% - 40% - 16:12
2 - 33% - 35% - 13:24
3 - 17% - 15% - 7:00
4 - 10% - 10% - 4:11
PP Forward
1 - 56% - 50% - 5:15
2 - 44% - 50% - 4:03
PP Defense
1 - 51% - 50% - 4:45
2 - 49% - 50% - 4:33
PK Forward
1 - 51% - 50% - 4:05
2 - 49% - 50% - 3:51
PK Defense
1 - 46% - 50% - 3:39
2 - 54% - 50% - 4:17
PK3 Forward
1 - 0% - 50%
2 - 0% - 50%
PK3 Defense
1 - 0% - 50%
2 - 0% - 50%
44 Forward
1 - 39% - 50% - 0:47
2 - 61% - 50% - 1:12
44 Defense
1 - 39% - 50% - 0:47
2 - 61% - 50% - 1:12
Last Minute Offensive  - 0:00
Last Minute Defensive  - 0:00
Total
Forward - 60:00
Defense - 60:00

% Time on Ice - Panthers

Lines # - Real PCT - Wanted PCT - Time Play
Normal Forward
1 - 40% - 40% - 16:12
2 - 32% - 30% - 12:54
3 - 22% - 20% - 8:48
4 - 7% - 10% - 2:53
Normal Defense
1 - 41% - 40% - 16:54
2 - 37% - 35% - 14:58
3 - 21% - 20% - 8:43
4 - 0% - 5% - 0:12
PP Forward
1 - 60% - 60% - 4:47
2 - 40% - 40% - 3:09
PP Defense
1 - 53% - 60% - 4:10
2 - 47% - 40% - 3:46
PK Forward
1 - 53% - 50% - 4:58
2 - 47% - 50% - 4:20
PK Defense
1 - 53% - 60% - 4:56
2 - 47% - 40% - 4:22
PK3 Forward
1 - 0% - 60%
2 - 0% - 40%
PK3 Defense
1 - 0% - 60%
2 - 0% - 40%
44 Forward
1 - 68% - 60% - 1:21
2 - 32% - 40% - 0:38
44 Defense
1 - 46% - 60% - 0:55
2 - 54% - 40% - 1:04
Last Minute Offensive  - 0:00
Last Minute Defensive  - 0:00
Total
Forward - 60:00
Defense - 60:00

Play by Play

1st period


0:01 of 1st period - Pavel Datsyuk wins face-off versus Evgeni Malkin in neutral zone.
0:03 of 1st period - Off-side.
0:04 of 1st period - Joe Thornton wins face-off versus David Backes in neutral zone.
0:06 of 1st period - Off-side.
0:07 of 1st period - Patrik Elias wins face-off versus Jori Lehtera in neutral zone.
0:07 of 1st period - Minor Penalty to Tomas Hertl for Diving.
0:08 of 1st period - Gabriel Landeskog wins face-off versus David Backes in Panthers zone.
0:08 of 1st period - Gabriel Landeskog is hit by David Backes.
1:39 of 1st period - Shot by Sidney Crosby.
1:39 of 1st period - Deflect By John Mitchell.
1:39 of 1st period - Shot Blocked by Jacob Trouba.
1:41 of 1st period - Shot by Duncan Keith.
1:41 of 1st period - Stopped by Semyon Varlamov without a rebound.
1:42 of 1st period - Jori Lehtera wins face-off versus David Backes in Panthers zone.
2:26 of 1st period - Minor Penalty to Ryan Callahan for High sticking.
2:27 of 1st period - Evgeni Malkin wins face-off versus Pavel Datsyuk in Stars zone.
2:27 of 1st period - Evgeni Malkin is hit by Gabriel Landeskog.
3:19 of 1st period - Off-side.
3:20 of 1st period - Vladimir Tarasenko wins face-off versus David Backes in neutral zone.
3:42 of 1st period - Icing by Ondrej Palat.
3:43 of 1st period - David Backes wins face-off versus Joe Thornton in Panthers zone.
3:52 of 1st period - Shot by David Backes.
3:52 of 1st period - Stopped by Semyon Varlamov without a rebound.
3:53 of 1st period - Pavel Datsyuk wins face-off versus Evgeni Malkin in Panthers zone.
3:53 of 1st period - Pavel Datsyuk is hit by Nikita Kucherov.
4:06 of 1st period - Patrick Kane is hit by Clayton Stoner and loses puck.
4:13 of 1st period - Shot by Patrick Kane.
4:13 of 1st period - Deflect By Pavel Datsyuk.
4:13 of 1st period - Stopped by Jonathan Quick without a rebound.
4:14 of 1st period - Joe Thornton wins face-off versus David Backes in Stars zone.
4:21 of 1st period - Shot by Joe Thornton.
4:21 of 1st period - Stopped by Jonathan Quick without a rebound.
4:22 of 1st period - David Backes wins face-off versus Vladimir Tarasenko in Stars zone.
4:32 of 1st period - Evgeni Malkin is hit by Jacob Trouba and loses puck.
4:42 of 1st period - Icing by Olli Maatta.
4:43 of 1st period - Evgeni Malkin wins face-off versus Pavel Datsyuk in Stars zone.
4:43 of 1st period - Sidney Crosby is hit by Gabriel Landeskog and loses puck.
4:52 of 1st period - Shot by Evgeni Malkin.
4:52 of 1st period - Shot Misses the Net.
4:56 of 1st period - Shot by Sidney Crosby.
4:56 of 1st period - Shot Misses the Net.
4:58 of 1st period - Shot by John Mitchell.
4:58 of 1st period - Shot Misses the Net.
5:44 of 1st period - Shot by David Backes.
5:44 of 1st period - Stopped by Semyon Varlamov without a rebound.
5:45 of 1st period - Patrik Elias wins face-off versus Joe Thornton in Panthers zone.
6:26 of 1st period - Shot by Ondrej Palat.
6:26 of 1st period - Stopped by Jonathan Quick without a rebound.
6:27 of 1st period - Jori Lehtera wins face-off versus David Backes in Stars zone.
6:42 of 1st period - Icing by Kris Letang.
6:43 of 1st period - Joakim Nordstrom wins face-off versus David Backes in Stars zone.
6:56 of 1st period - Icing by Justin Braun.
6:57 of 1st period - Joakim Nordstrom wins face-off versus Evgeni Malkin in Panthers zone.
6:57 of 1st period - Joakim Nordstrom is hit by John Mitchell.
7:05 of 1st period - Shot by Riley Nash.
7:05 of 1st period - Stopped by Jonathan Quick without a rebound.
7:06 of 1st period - David Backes wins face-off versus Pavel Datsyuk in Stars zone.
7:30 of 1st period - David Backes is hit by Gabriel Landeskog.
7:33 of 1st period - Kris Letang is hit by Jacob Trouba and loses puck.
7:38 of 1st period - Shot by David Backes.
7:38 of 1st period - Stopped by Semyon Varlamov without a rebound.
7:39 of 1st period - Joe Thornton wins face-off versus Evgeni Malkin in Panthers zone.
7:53 of 1st period - Shot by Sidney Crosby.
7:53 of 1st period - Shot Misses the Net.
8:00 of 1st period - Icing by Justin Braun.
8:01 of 1st period - Vladimir Tarasenko wins face-off versus Patrik Elias in Panthers zone.
8:06 of 1st period - Patrik Elias is hit by Vladimir Tarasenko and loses puck.
8:19 of 1st period - Shot by Ryan Callahan.
8:19 of 1st period - Shot Blocked by Joe Thornton.
8:21 of 1st period - Shot by Kris Letang.
8:21 of 1st period - Stopped by Semyon Varlamov without a rebound.
8:22 of 1st period - Gabriel Landeskog wins face-off versus Evgeni Malkin in Panthers zone.
8:22 of 1st period - Gabriel Landeskog is hit by Evgeni Malkin.
8:37 of 1st period - Minor Penalty to John Mitchell for Interference.
8:38 of 1st period - David Backes wins face-off versus Patrick Kane in Stars zone.
8:49 of 1st period - Shot by Patrick Kane.
8:49 of 1st period - Stopped by Jonathan Quick without a rebound.
8:50 of 1st period - Evgeni Malkin wins face-off versus Joe Thornton in Stars zone.
8:50 of 1st period - Evgeni Malkin is hit by Ondrej Palat.
9:18 of 1st period - Shot by Joe Thornton.
9:18 of 1st period - Shot Misses the Net.
9:20 of 1st period - Shot by Danny DeKeyser.
9:20 of 1st period - Shot Misses the Net.
9:22 of 1st period - Shot by Danny DeKeyser.
9:22 of 1st period - Stopped by Jonathan Quick without a rebound.
9:23 of 1st period - David Backes wins face-off versus Pavel Datsyuk in Stars zone.
10:44 of 1st period - Shot by Sidney Crosby.
10:44 of 1st period - Shot Misses the Net.
10:46 of 1st period - Shot by John Mitchell.
10:46 of 1st period - Shot Misses the Net.
10:48 of 1st period - Shot by Evgeni Malkin.
10:48 of 1st period - Stopped by Semyon Varlamov without a rebound.
10:49 of 1st period - Evgeni Malkin wins face-off versus Joakim Nordstrom in Panthers zone.
10:49 of 1st period - Sidney Crosby is hit by Jacob Trouba and loses puck.
11:23 of 1st period - Minor Penalty to Jacob Trouba for Holding.
11:23 of 1st period - Minor Penalty to John Mitchell for Holding Stick.
11:24 of 1st period - David Backes wins face-off versus Tomas Hertl in Panthers zone.
11:25 of 1st period - Shot by Ryan Callahan.
11:25 of 1st period - Goal by Ryan Callahan - Stars : 1 - Panthers : 0.
11:26 of 1st period - Joe Thornton wins face-off versus David Backes in neutral zone.
11:49 of 1st period - Shot by Tomas Hertl.
11:49 of 1st period - Stopped by Jonathan Quick without a rebound.
11:50 of 1st period - Joe Thornton wins face-off versus Evgeni Malkin in Stars zone.
12:16 of 1st period - Shot by Tomas Hertl.
12:16 of 1st period - Shot Misses the Net.
12:54 of 1st period - Shot by David Backes.
12:54 of 1st period - Stopped by Semyon Varlamov without a rebound.
12:55 of 1st period - David Backes wins face-off versus Pavel Datsyuk in Panthers zone.
12:56 of 1st period - Shot by Ryan Callahan.
12:56 of 1st period - Stopped by Semyon Varlamov with a rebound.
13:20 of 1st period - Shot by David Backes.
13:20 of 1st period - Shot Blocked by Pavel Datsyuk.
13:22 of 1st period - Shot by Olli Maatta.
13:22 of 1st period - Stopped by Semyon Varlamov without a rebound.
13:23 of 1st period - John Mitchell wins face-off versus Joakim Nordstrom in Panthers zone.
13:39 of 1st period - Icing by Pierre-Edouard Bellemare.
13:40 of 1st period - David Backes wins face-off versus Joakim Nordstrom in Panthers zone.
13:44 of 1st period - Minor Penalty to David Backes for Cross-checking.
13:45 of 1st period - Evgeni Malkin wins face-off versus Patrick Kane in Stars zone.
14:06 of 1st period - Shot by T.J. Brodie.
14:06 of 1st period - Stopped by Jonathan Quick without a rebound.
14:07 of 1st period - Evgeni Malkin wins face-off versus Ondrej Palat in Stars zone.
15:13 of 1st period - Shot by Gabriel Landeskog.
15:13 of 1st period - Stopped by Jonathan Quick without a rebound.
15:14 of 1st period - Pavel Datsyuk wins face-off versus Evgeni Malkin in Stars zone.
15:21 of 1st period - Shot by Pavel Datsyuk.
15:21 of 1st period - Shot Misses the Net.
15:41 of 1st period - Icing by Gabriel Landeskog.
15:42 of 1st period - Pavel Datsyuk wins face-off versus Nikita Kucherov in Panthers zone.
16:05 of 1st period - Shot by Jonathan Huberdeau.
16:05 of 1st period - Shot Misses the Net.
16:34 of 1st period - Nikolaj Ehlers is hit by Cody McLeod and loses puck.
17:00 of 1st period - Icing by Cody McLeod.
17:01 of 1st period - Pavel Datsyuk wins face-off versus Cody McLeod in Stars zone.
17:01 of 1st period - Gabriel Landeskog is hit by Clayton Stoner and loses puck.
17:14 of 1st period - Shot by Sidney Crosby.
17:14 of 1st period - Deflect By Ryan Callahan.
17:14 of 1st period - Stopped by Semyon Varlamov without a rebound.
17:15 of 1st period - Joe Thornton wins face-off versus David Backes in Panthers zone.
17:48 of 1st period - Jonathan Huberdeau is hit by Justin Braun and loses puck.
18:08 of 1st period - Icing by T.J. Brodie.
18:09 of 1st period - Sidney Crosby wins face-off versus Joe Thornton in Panthers zone.
18:12 of 1st period - Shot by Sidney Crosby.
18:12 of 1st period - Shot Misses the Net.
18:14 of 1st period - Shot by Evgeni Malkin.
18:14 of 1st period - Shot Blocked by Justin Braun.
18:16 of 1st period - Shot by Evgeni Malkin.
18:16 of 1st period - Deflect By John Mitchell.
18:16 of 1st period - Stopped by Semyon Varlamov without a rebound.
18:17 of 1st period - Evgeni Malkin wins face-off versus Pavel Datsyuk in Panthers zone.
18:44 of 1st period - Shot by Evgeni Malkin.
18:44 of 1st period - Shot Misses the Net.
19:38 of 1st period - Shot by Patrik Elias.
19:38 of 1st period - Shot Misses the Net.
Goals for this period are 1 for Stars vs 0 for Panthers.
Shots for this period are 12 for Stars vs 9 for Panthers.

2nd period


0:01 of 2nd period - Pavel Datsyuk wins face-off versus David Backes in neutral zone.
0:06 of 2nd period - Shot by Pavel Datsyuk.
0:06 of 2nd period - Shot Misses the Net.
0:34 of 2nd period - T.J. Brodie is hit by David Backes and loses puck.
1:23 of 2nd period - Shot by Ondrej Palat.
1:23 of 2nd period - Shot Blocked by Clayton Stoner.
2:23 of 2nd period - Shot by Tomas Hertl.
2:23 of 2nd period - Shot Blocked by Mark Stuart.
2:46 of 2nd period - Duncan Keith is hit by Justin Braun and loses puck.
2:57 of 2nd period - Ryan Callahan is hit by Joakim Nordstrom and loses puck.
4:02 of 2nd period - Shot by Pavel Datsyuk.
4:02 of 2nd period - Stopped by Jonathan Quick without a rebound.
4:03 of 2nd period - Joe Thornton wins face-off versus Evgeni Malkin in Stars zone.
4:24 of 2nd period - Shot by Sidney Crosby.
4:24 of 2nd period - Shot Misses the Net.
4:26 of 2nd period - Shot by Evgeni Malkin.
4:26 of 2nd period - Goal by Evgeni Malkin - Stars : 2 - Panthers : 0.
4:27 of 2nd period - David Backes wins face-off versus Jori Lehtera in neutral zone.
4:36 of 2nd period - Shot by Tomas Hertl.
4:36 of 2nd period - Shot Misses the Net.
4:42 of 2nd period - Shot by Jori Lehtera.
4:42 of 2nd period - Shot Blocked by Clayton Stoner.
4:46 of 2nd period - Shot by Tomas Hertl.
4:46 of 2nd period - Shot Misses the Net.
5:25 of 2nd period - Icing by Jacob Trouba.
5:26 of 2nd period - Evgeni Malkin wins face-off versus Pavel Datsyuk in Panthers zone.
5:27 of 2nd period - Shot by Sidney Crosby.
5:27 of 2nd period - Stopped by Semyon Varlamov without a rebound.
5:28 of 2nd period - Pavel Datsyuk wins face-off versus Evgeni Malkin in Panthers zone.
5:28 of 2nd period - Pavel Datsyuk is hit by John Mitchell.
5:41 of 2nd period - Icing by Kris Letang.
5:42 of 2nd period - Joe Thornton wins face-off versus Evgeni Malkin in Stars zone.
6:13 of 2nd period - Shot by Evgeni Malkin.
6:13 of 2nd period - Stopped by Semyon Varlamov without a rebound.
6:14 of 2nd period - David Backes wins face-off versus Pavel Datsyuk in Panthers zone.
6:33 of 2nd period - Shot by Patrick Kane.
6:33 of 2nd period - Shot Misses the Net.
6:35 of 2nd period - Shot by Pavel Datsyuk.
6:35 of 2nd period - Stopped by Jonathan Quick without a rebound.
6:36 of 2nd period - Jori Lehtera wins face-off versus Patrik Elias in Stars zone.
7:21 of 2nd period - Shot by Jori Lehtera.
7:21 of 2nd period - Stopped by Jonathan Quick with a rebound.
7:28 of 2nd period - Icing by Duncan Keith.
7:29 of 2nd period - Gabriel Landeskog wins face-off versus Patrik Elias in Stars zone.
7:39 of 2nd period - Shot by Patrick Kane.
7:39 of 2nd period - Shot Misses the Net.
7:43 of 2nd period - Shot by Patrick Kane.
7:43 of 2nd period - Shot Blocked by Duncan Keith.
7:45 of 2nd period - Shot by Pavel Datsyuk.
7:45 of 2nd period - Shot Misses the Net.
7:47 of 2nd period - Shot by Gabriel Landeskog.
7:47 of 2nd period - Shot Blocked by Mark Stuart.
7:49 of 2nd period - Shot by Jacob Trouba.
7:49 of 2nd period - Stopped by Jonathan Quick without a rebound.
7:50 of 2nd period - Joe Thornton wins face-off versus Evgeni Malkin in Stars zone.
8:33 of 2nd period - Shot by Vladimir Tarasenko.
8:33 of 2nd period - Shot Misses the Net.
8:48 of 2nd period - Minor Penalty to Gabriel Landeskog for Hooking.
8:49 of 2nd period - Jonathan Huberdeau wins face-off versus Jori Lehtera in Panthers zone.
9:10 of 2nd period - Off-side.
9:11 of 2nd period - Jori Lehtera wins face-off versus David Backes in neutral zone.
9:28 of 2nd period - Shot by Evgeni Malkin.
9:28 of 2nd period - Shot Misses the Net.
9:30 of 2nd period - Shot by David Backes.
9:30 of 2nd period - Shot Blocked by Jay Bouwmeester.
9:32 of 2nd period - Shot by Olli Maatta.
9:32 of 2nd period - Shot Misses the Net.
9:34 of 2nd period - Shot by Nikita Kucherov.
9:34 of 2nd period - Deflect By Evgeni Malkin.
9:34 of 2nd period - Stopped by Semyon Varlamov without a rebound.
9:35 of 2nd period - Jori Lehtera wins face-off versus John Mitchell in Panthers zone.
9:41 of 2nd period - Icing by Ryan Callahan.
9:42 of 2nd period - John Mitchell wins face-off versus Pierre-Edouard Bellemare in Stars zone.
10:58 of 2nd period - Shot by Nikita Kucherov.
10:58 of 2nd period - Shot Misses the Net.
11:21 of 2nd period - Shot by Danny DeKeyser.
11:21 of 2nd period - Stopped by Jonathan Quick without a rebound.
11:22 of 2nd period - Patrik Elias wins face-off versus Pavel Datsyuk in Stars zone.
11:40 of 2nd period - Shot by Pavel Datsyuk.
11:40 of 2nd period - Stopped by Jonathan Quick without a rebound.
11:41 of 2nd period - Jori Lehtera wins face-off versus Evgeni Malkin in Stars zone.
11:41 of 2nd period - T.J. Brodie is hit by Kris Letang and loses puck.
11:50 of 2nd period - Zdeno Chara is hit by Justin Braun and loses puck.
12:21 of 2nd period - Shot by Evgeni Malkin.
12:21 of 2nd period - Stopped by Semyon Varlamov with a rebound.
12:23 of 2nd period - Shot by Evgeni Malkin.
12:23 of 2nd period - Shot Misses the Net.
12:25 of 2nd period - Shot by Sidney Crosby.
12:25 of 2nd period - Stopped by Semyon Varlamov without a rebound.
12:26 of 2nd period - Pavel Datsyuk wins face-off versus David Backes in Panthers zone.
12:35 of 2nd period - Shot by David Backes.
12:35 of 2nd period - Goal by David Backes - Stars : 3 - Panthers : 0.
12:36 of 2nd period - David Backes wins face-off versus Pavel Datsyuk in neutral zone.
12:46 of 2nd period - Nikita Kucherov is hit by Jacob Trouba and loses puck.
12:50 of 2nd period - David Backes is hit by Jacob Trouba and loses puck.
12:54 of 2nd period - Minor Penalty to Jacob Trouba for Tripping.
12:55 of 2nd period - Pierre-Edouard Bellemare wins face-off versus John Mitchell in Panthers zone.
13:06 of 2nd period - Shot by Zdeno Chara.
13:06 of 2nd period - Stopped by Semyon Varlamov without a rebound.
13:07 of 2nd period - David Backes wins face-off versus Pierre-Edouard Bellemare in Panthers zone.
14:12 of 2nd period - Shot by Zdeno Chara.
14:12 of 2nd period - Shot Misses the Net.
14:14 of 2nd period - Shot by Sidney Crosby.
14:14 of 2nd period - Shot Misses the Net.
14:16 of 2nd period - Shot by Kris Letang.
14:16 of 2nd period - Goal by Kris Letang - Stars : 4 - Panthers : 0.
14:17 of 2nd period - Patrik Elias wins face-off versus Joe Thornton in neutral zone.
14:26 of 2nd period - Shot by Patrik Elias.
14:26 of 2nd period - Shot Misses the Net.
14:28 of 2nd period - Shot by Ryan Callahan.
14:28 of 2nd period - Shot Misses the Net.
14:38 of 2nd period - Shot by Ryan Callahan.
14:38 of 2nd period - Stopped by Semyon Varlamov without a rebound.
14:39 of 2nd period - Pavel Datsyuk wins face-off versus Evgeni Malkin in Panthers zone.
14:39 of 2nd period - Pavel Datsyuk is hit by John Mitchell.
14:56 of 2nd period - Gabriel Landeskog is hit by Zdeno Chara and loses puck.
15:22 of 2nd period - Patrick Kane is hit by John Mitchell and loses puck.
15:59 of 2nd period - Icing by Olli Maatta.
16:00 of 2nd period - David Backes wins face-off versus Jori Lehtera in Stars zone.
16:07 of 2nd period - Shot by Jori Lehtera.
16:07 of 2nd period - Shot Misses the Net.
16:09 of 2nd period - Shot by Jori Lehtera.
16:09 of 2nd period - Stopped by Jonathan Quick without a rebound.
16:10 of 2nd period - Patrik Elias wins face-off versus Joe Thornton in Stars zone.
16:48 of 2nd period - Icing by Joe Thornton.
16:49 of 2nd period - David Backes wins face-off versus Joe Thornton in Panthers zone.
17:12 of 2nd period - Icing by Ondrej Palat.
17:13 of 2nd period - Evgeni Malkin wins face-off versus Joe Thornton in Panthers zone.
18:01 of 2nd period - Pavel Datsyuk is hit by Kris Letang.
18:07 of 2nd period - Shot by Patrick Kane.
18:07 of 2nd period - Stopped by Jonathan Quick without a rebound.
18:08 of 2nd period - David Backes wins face-off versus Jori Lehtera in Stars zone.
18:08 of 2nd period - David Backes is hit by Nikolaj Ehlers.
18:22 of 2nd period - Shot by Jonathan Huberdeau.
18:22 of 2nd period - Stopped by Semyon Varlamov without a rebound.
18:23 of 2nd period - Joakim Nordstrom wins face-off versus Patrik Elias in Panthers zone.
18:34 of 2nd period - Shot by Joakim Nordstrom.
18:34 of 2nd period - Stopped by Jonathan Quick without a rebound.
18:35 of 2nd period - Pavel Datsyuk wins face-off versus David Backes in Stars zone.
18:38 of 2nd period - Shot by Gabriel Landeskog.
18:38 of 2nd period - Stopped by Jonathan Quick without a rebound.
18:39 of 2nd period - Pavel Datsyuk wins face-off versus David Backes in Stars zone.
19:02 of 2nd period - Shot by David Backes.
19:02 of 2nd period - Shot Misses the Net.
19:17 of 2nd period - Nikita Kucherov is hit by Jacob Trouba and loses puck.
19:22 of 2nd period - Shot by David Backes.
19:22 of 2nd period - Shot Misses the Net.
19:50 of 2nd period - Shot by Sidney Crosby.
19:50 of 2nd period - Deflect By Evgeni Malkin.
19:50 of 2nd period - Stopped by Semyon Varlamov without a rebound.
19:50 of 2nd period - Minor Penalty to Jacob Trouba for High sticking.
19:51 of 2nd period - John Mitchell wins face-off versus Pierre-Edouard Bellemare in Panthers zone.
Goals for this period are 3 for Stars vs 0 for Panthers.
Shots for this period are 12 for Stars vs 10 for Panthers.

3rd period


0:01 of 3rd period - Pierre-Edouard Bellemare wins face-off versus John Mitchell in neutral zone.
1:29 of 3rd period - Shot by Zdeno Chara.
1:29 of 3rd period - Shot Misses the Net.
1:31 of 3rd period - Shot by Evgeni Malkin.
1:31 of 3rd period - Stopped by Semyon Varlamov without a rebound.
1:32 of 3rd period - John Mitchell wins face-off versus Jori Lehtera in Panthers zone.
1:41 of 3rd period - Shot by Duncan Keith.
1:41 of 3rd period - Stopped by Semyon Varlamov without a rebound.
1:42 of 3rd period - Pierre-Edouard Bellemare wins face-off versus David Backes in Panthers zone.
2:21 of 3rd period - Minor Penalty to Justin Braun for Hooking.
2:22 of 3rd period - David Backes wins face-off versus Pierre-Edouard Bellemare in Panthers zone.
2:29 of 3rd period - Shot by Nikita Kucherov.
2:29 of 3rd period - Shot Blocked by Jay Bouwmeester.
2:31 of 3rd period - Shot by Evgeni Malkin.
2:31 of 3rd period - Shot Blocked by Jay Bouwmeester.
2:33 of 3rd period - Shot by Duncan Keith.
2:33 of 3rd period - Shot Blocked by Jacob Trouba.
2:35 of 3rd period - Shot by Duncan Keith.
2:35 of 3rd period - Stopped by Semyon Varlamov without a rebound.
2:36 of 3rd period - David Backes wins face-off versus Jori Lehtera in Panthers zone.
2:41 of 3rd period - Shot by Evgeni Malkin.
2:41 of 3rd period - Stopped by Semyon Varlamov with a rebound.
2:43 of 3rd period - Shot by Zdeno Chara.
2:43 of 3rd period - Shot Misses the Net.
2:45 of 3rd period - Shot by David Backes.
2:45 of 3rd period - Deflect By Evgeni Malkin.
2:45 of 3rd period - Shot Misses the Net.
2:47 of 3rd period - Shot by David Backes.
2:47 of 3rd period - Stopped by Semyon Varlamov without a rebound.
2:48 of 3rd period - Pierre-Edouard Bellemare wins face-off versus John Mitchell in Panthers zone.
2:54 of 3rd period - Icing by Olli Maatta.
2:55 of 3rd period - John Mitchell wins face-off versus Pierre-Edouard Bellemare in Stars zone.
3:20 of 3rd period - Shot by Sidney Crosby.
3:20 of 3rd period - Shot Misses the Net.
3:24 of 3rd period - Shot by John Mitchell.
3:24 of 3rd period - Stopped by Semyon Varlamov without a rebound.
3:25 of 3rd period - David Backes wins face-off versus Jori Lehtera in Panthers zone.
3:50 of 3rd period - Jay Bouwmeester is hit by David Backes and loses puck.
4:39 of 3rd period - Shot by Ryan Callahan.
4:39 of 3rd period - Shot Misses the Net.
4:41 of 3rd period - Shot by Ryan Callahan.
4:41 of 3rd period - Shot Misses the Net.
5:44 of 3rd period - Off-side.
5:45 of 3rd period - David Backes wins face-off versus Pavel Datsyuk in neutral zone.
6:02 of 3rd period - Shot by Patrick Kane.
6:02 of 3rd period - Deflect By Pavel Datsyuk.
6:02 of 3rd period - Stopped by Jonathan Quick without a rebound.
6:03 of 3rd period - Cody McLeod wins face-off versus Jori Lehtera in Stars zone.
6:29 of 3rd period - Minor Penalty to Mark Stuart for Roughing.
6:30 of 3rd period - Patrick Kane wins face-off versus Evgeni Malkin in Stars zone.
6:50 of 3rd period - Icing by Patrick Kane.
6:51 of 3rd period - Evgeni Malkin wins face-off versus Pavel Datsyuk in Panthers zone.
6:52 of 3rd period - Shot by Nikita Kucherov.
6:52 of 3rd period - Shot Misses the Net.
7:08 of 3rd period - Icing by Danny DeKeyser.
7:09 of 3rd period - David Backes wins face-off versus Pavel Datsyuk in Panthers zone.
7:10 of 3rd period - Shot by Ryan Callahan.
7:10 of 3rd period - Stopped by Semyon Varlamov without a rebound.
7:11 of 3rd period - Evgeni Malkin wins face-off versus Joe Thornton in Panthers zone.
7:14 of 3rd period - Shot by Evgeni Malkin.
7:14 of 3rd period - Stopped by Semyon Varlamov without a rebound.
7:15 of 3rd period - Pavel Datsyuk wins face-off versus Evgeni Malkin in Panthers zone.
7:58 of 3rd period - Shot by Jacob Trouba.
7:58 of 3rd period - Shot Misses the Net.
8:00 of 3rd period - Shot by Gabriel Landeskog.
8:00 of 3rd period - Stopped by Jonathan Quick without a rebound.
8:01 of 3rd period - David Backes wins face-off versus Joe Thornton in Stars zone.
8:38 of 3rd period - Shot by Sidney Crosby.
8:38 of 3rd period - Shot Hit the Post.
8:50 of 3rd period - Shot by Tomas Hertl.
8:50 of 3rd period - Stopped by Jonathan Quick without a rebound.
8:51 of 3rd period - Pavel Datsyuk wins face-off versus David Backes in Stars zone.
8:56 of 3rd period - Shot by Patrick Kane.
8:56 of 3rd period - Deflect By Pavel Datsyuk.
8:56 of 3rd period - Stopped by Jonathan Quick without a rebound.
8:57 of 3rd period - Pavel Datsyuk wins face-off versus Cody McLeod in Stars zone.
9:02 of 3rd period - Shot by Patrick Kane.
9:02 of 3rd period - Stopped by Jonathan Quick with a rebound.
9:10 of 3rd period - Alexey Marchenko is hit by Cody McLeod and loses puck.
9:33 of 3rd period - Shot by Sidney Crosby.
9:33 of 3rd period - Stopped by Semyon Varlamov without a rebound.
9:34 of 3rd period - Joe Thornton wins face-off versus David Backes in Panthers zone.
9:51 of 3rd period - Shot by Jonathan Huberdeau.
9:51 of 3rd period - Deflect By Nikita Kucherov.
9:51 of 3rd period - Shot Blocked by Joe Thornton.
9:53 of 3rd period - Shot by Clayton Stoner.
9:53 of 3rd period - Stopped by Semyon Varlamov without a rebound.
9:54 of 3rd period - Evgeni Malkin wins face-off versus Jori Lehtera in Panthers zone.
10:02 of 3rd period - Shot by Evgeni Malkin.
10:02 of 3rd period - Deflect By Sidney Crosby.
10:02 of 3rd period - Stopped by Semyon Varlamov without a rebound.
10:03 of 3rd period - Pavel Datsyuk wins face-off versus David Backes in Panthers zone.
10:03 of 3rd period - Pavel Datsyuk is hit by David Backes.
10:32 of 3rd period - Shot by Nikita Kucherov.
10:32 of 3rd period - Shot Misses the Net.
10:36 of 3rd period - Shot by Nikita Kucherov.
10:36 of 3rd period - Shot Hit the Post.
11:26 of 3rd period - Shot by Ondrej Palat.
11:26 of 3rd period - Stopped by Jonathan Quick without a rebound.
11:27 of 3rd period - Jori Lehtera wins face-off versus Patrik Elias in Stars zone.
11:35 of 3rd period - Patrik Elias is hit by Nikolaj Ehlers and loses puck.
11:44 of 3rd period - Shot by Nikolaj Ehlers.
11:44 of 3rd period - Deflect By Jori Lehtera.
11:44 of 3rd period - Goal by Jori Lehtera - Stars : 4 - Panthers : 1.
11:45 of 3rd period - Evgeni Malkin wins face-off versus Joakim Nordstrom in neutral zone.
12:06 of 3rd period - Shot by Sidney Crosby.
12:06 of 3rd period - Shot Blocked by Riley Nash.
12:06 of 3rd period - Riley Nash from Panthers is injured at 12:06 of 3rd period (Bruised Left Shoulder).
12:07 of 3rd period - Patrik Elias wins face-off versus Pavel Datsyuk in Panthers zone.
12:31 of 3rd period - Jay Bouwmeester is hit by Ryan Callahan and loses puck.
12:37 of 3rd period - Icing by Gabriel Landeskog.
12:38 of 3rd period - Evgeni Malkin wins face-off versus Pavel Datsyuk in Panthers zone.
12:39 of 3rd period - Shot by John Mitchell.
12:39 of 3rd period - Shot Blocked by Jacob Trouba.
13:00 of 3rd period - Icing by Jay Bouwmeester.
13:01 of 3rd period - Pavel Datsyuk wins face-off versus David Backes in Panthers zone.
13:14 of 3rd period - Shot by Patrick Kane.
13:14 of 3rd period - Stopped by Jonathan Quick without a rebound.
13:15 of 3rd period - Evgeni Malkin wins face-off versus Joe Thornton in Stars zone.
13:41 of 3rd period - Shot by Sidney Crosby.
13:41 of 3rd period - Deflect By John Mitchell.
13:41 of 3rd period - Stopped by Semyon Varlamov without a rebound.
13:42 of 3rd period - Jori Lehtera wins face-off versus David Backes in Panthers zone.
14:05 of 3rd period - Shot by Jonathan Huberdeau.
14:05 of 3rd period - Shot Blocked by Danny DeKeyser.
15:44 of 3rd period - Icing by Clayton Stoner.
15:45 of 3rd period - Joe Thornton wins face-off versus Evgeni Malkin in Stars zone.
15:46 of 3rd period - Shot by Ondrej Palat.
15:46 of 3rd period - Stopped by Jonathan Quick without a rebound.
15:47 of 3rd period - Evgeni Malkin wins face-off versus Joe Thornton in Stars zone.
15:47 of 3rd period - Evgeni Malkin is hit by Ondrej Palat.
16:25 of 3rd period - Shot by Sidney Crosby.
16:25 of 3rd period - Stopped by Semyon Varlamov without a rebound.
16:26 of 3rd period - Pavel Datsyuk wins face-off versus Patrik Elias in Panthers zone.
16:33 of 3rd period - Justin Braun is hit by Ryan Callahan and loses puck.
17:28 of 3rd period - Shot by Evgeni Malkin.
17:28 of 3rd period - Stopped by Semyon Varlamov with a rebound.
17:30 of 3rd period - Shot by John Mitchell.
17:30 of 3rd period - Stopped by Semyon Varlamov without a rebound.
17:31 of 3rd period - Evgeni Malkin wins face-off versus Joe Thornton in Panthers zone.
17:42 of 3rd period - Shot by Sidney Crosby.
17:42 of 3rd period - Stopped by Semyon Varlamov without a rebound.
17:43 of 3rd period - David Backes wins face-off versus Jori Lehtera in Panthers zone.
18:46 of 3rd period - Shot by Evgeni Malkin.
18:46 of 3rd period - Shot Misses the Net.
18:48 of 3rd period - Shot by Sidney Crosby.
18:48 of 3rd period - Shot Misses the Net.
18:50 of 3rd period - Shot by Olli Maatta.
18:50 of 3rd period - Stopped by Semyon Varlamov without a rebound.
18:51 of 3rd period - Evgeni Malkin wins face-off versus Pavel Datsyuk in Panthers zone.
19:00 of 3rd period - Shot by Evgeni Malkin.
19:00 of 3rd period - Stopped by Semyon Varlamov without a rebound.
19:01 of 3rd period - Cody McLeod wins face-off versus Pavel Datsyuk in Panthers zone.
19:28 of 3rd period - Shot by Patrick Kane.
19:28 of 3rd period - Stopped by Jonathan Quick without a rebound.
19:29 of 3rd period - Joe Thornton wins face-off versus Evgeni Malkin in Stars zone.
19:30 of 3rd period - Shot by Vladimir Tarasenko.
19:30 of 3rd period - Stopped by Jonathan Quick without a rebound.
19:31 of 3rd period - Joe Thornton wins face-off versus David Backes in Stars zone.
19:53 of 3rd period - Icing by Ondrej Palat.
19:54 of 3rd period - Joe Thornton wins face-off versus Evgeni Malkin in Panthers zone.
Goals for this period are 0 for Stars vs 1 for Panthers.
Shots for this period are 18 for Stars vs 11 for Panthers.